 Dungeon Crawl Stone Soup version 0.20.1-1-g8b1a95d (webtiles) character file.

51 tidbits the Caller (level 3, 1/15 HPs)
             Began as a Felid Summoner on July 8, 2017.
             Was an Initiate of Gozag.
             Quit the game on level 4 of the Dungeon.
             The game lasted 00:09:50 (733 turns).

tidbits the Caller (Felid Summoner)                  Turns: 733, Time: 00:09:51

Health: 1/15       AC:  1    Str:  7 (9)  XL:     3   Next: 57%
Magic:  7/7        EV: 23    Int: 16 (17) God:    Gozag
Gold:   77         SH:  0    Dex: 20 (21) Spells: 3/6 levels left
                                        Lives:  0   Deaths: 0

rFire    + . .     SeeInvis +     - Unarmed
rCold    + . .     Gourm    .   (shield unavailable)
rNeg     . . .     Faith    .   (armour unavailable)
rPois    +         Spirit   .   (helmet unavailable)
rElec    +         Reflect  .   (cloak unavailable)
rCorr    +         Harm     .   (gloves unavailable)
MR       .....                  (boots unavailable)
Stlth    ++++......             (no amulet)
Regen    0.1/turn               Y - +3 ring of slaying
MPRegen  0.1/turn               i - ring of flight

@: mighty, agile, lethally poisoned (1 -> -5), resistant, gold aura, berserk
cooldown, flying, hasted and slowed, quick
A: no armour, no weapons or thrown items, stealth, claws 1, fangs 3, see
invisible, carnivore 3, speed 1, shaggy fur 1, slow metabolism 1, sharp paws
a: Potion Petition, Call Merchant, Bribe Branch, Renounce Religion


You were on level 4 of the Dungeon.
You worshipped Gozag.
Gozag was noncommittal.
You were very full.

You visited 1 branch of the dungeon, and saw 4 of its levels.

You collected 118 gold pieces.
You paid 41 gold pieces to Gozag.

Inventory:

Missiles
 h - 17 arrows
Jewellery
 i - a ring of flight (right paw)
   (You found it on level 4 of the Dungeon)
 Y - a +3 ring of slaying (left paw)
   (You found it on level 1 of the Dungeon)
Scrolls
 c - a scroll of magic mapping {unknown}
 e - a scroll of enchant armour {unknown}
 f - a scroll of teleportation {unknown}
 r - a scroll of remove curse
Books
 a - a book of Callings

   Spells                             Type                      Level
   a - Summon Small Mammal            Summoning                    1
   b - Call Imp                       Summoning                    2
   c - Call Canine Familiar           Summoning                    3
   d - Summon Guardian Golem          Hexes/Summoning              3
   e - Summon Lightning Spire         Summoning/Air                4
   f - Summon Ice Beast               Ice/Summoning                4
Comestibles
 b - a meat ration


   Skills:
 + Level 1.1 Fighting
 - Level 2.6 Dodging
 - Level 2.6 Stealth
 + Level 3.0 Unarmed Combat
 - Level 2.0 Spellcasting
 - Level 4.0 Summonings


You had 3 spell levels left.
You knew the following spells:

 Your Spells              Type           Power        Failure   Level  Hunger
z - Summon Small Mammal   Summ           ##..         4%          1    #......
C - Call Imp              Summ           ##......     6%          2    ###....


Dungeon Overview and Level Annotations

Branches:
Dungeon (4/15)
 Temple: D:4-7

Altars:
Gozag
Nemelex Xobeh
Trog
Vehumet

Annotations:
D:4 exclusion: ogre


Innate Abilities, Weirdness & Mutations

You cannot wear armour.
You are incapable of wielding weapons or throwing items.
Your paws allow you to move quietly. (Stealth)
You have sharp claws.
You have razor-sharp teeth.
You have supernaturally acute eyesight. (SInv)
You are carnivorous and can eat meat at any time.
You cover ground quickly.
You are covered in fur. (AC +1)
You have a slow metabolism.
Your sharp claws are effective at attacking unaware monsters.


Message History

The hobgoblin hits your quokka but does no damage.
Your quokka bites the hobgoblin.
The hobgoblin dies!
You swap places.
You now have 77 gold pieces (gained 5).
You see here a club.
There is a stone staircase leading down here.
You climb downwards.
Your summoned ally is left behind.
There is a stone staircase leading up here.
Found a shield and 13 stones.
An ogre comes into view. It is wielding a giant spiked club.
Press: ? - help, v - describe, . - travel
Here: an ogre, wielding a giant spiked club (resting)
The floor.
Placed new exclusion.
Found a wooden ring.
A phantom comes into view.
You see here a wooden ring.
i - a wooden ring Put on which piece of jewellery? (? for menu, Esc to quit)
i - a ring of flight (right paw)
Okay, then.
The phantom blinks!
There is a stone staircase leading up here.
Found 28 stones and a scroll labeled WEJISH GARUTA.
A ball python and a worker ant come into view.
Found a meat ration.
The ball python hisses angrily.
A frilled lizard comes into view.
The phantom hits you.
Found a scroll labeled RANOTE OLUM REDUW.
Okay, then.
The worker ant twitches its antennae in your direction.
Okay, then.
Unknown command.
Okay, then.
The ball python bites you. The ball python misses you.
You see here 28 stones. [a] - 0 gold - haste, agility, flight, resistance and might [b] - 0 gold - resistance, might and haste [c] - 0 gold - resistance and flight Purchase which effect?
You feel yourself speed up.
You feel agile all of a sudden.
You feel very buoyant.
You fly up into the air.
You feel protected.
You feel very mighty all of a sudden. The ball python bites you.
* * * LOW HITPOINT WARNING * * *
The ball python closely misses you.
The ball python completely misses you. x2
The worker ant bites you but does no damage.
You closely miss the worker ant. The worker ant bites you.
* * * LOW HITPOINT WARNING * * *
You are lethally poisoned!
The worker ant poisons you!
Unknown command.
Okay, then.
Unknown command.
Unknown command.
* * * LOW HITPOINT WARNING * * *
You feel sick.
It was a potion of berserk rage.
A red film seems to cover your vision as you go berserk!
You feel yourself moving faster!
You feel mighty! The ball python completely misses you.
The ball python barely misses you.
You closely miss the ball python.
* * * LOW HITPOINT WARNING * * *
You feel sick. The phantom closely misses you.
You claw the worker ant!
The worker ant is heavily wounded.
The ball python closely misses you. The ball python barely misses you.
You claw the worker ant!
You kill the worker ant!
Your Fighting skill increases to level 1!
You have reached level 3!
Your experience leads to an increase in your attributes!
Your base attributes are Str 4, Int 16, Dex 16.
Increase (S)trength, (I)ntelligence, or (D)exterity?
You feel clever.
The phantom blinks!
The ball python barely misses you. The ball python closely misses you.
You claw the ball python!
You kill the ball python!
Your Unarmed Combat skill increases to level 3!
* * * LOW HITPOINT WARNING * * *
You feel sick.
You are too berserk!
Unknown command.
You are too berserk!
Unknown command.
You feel a strong urge to attack something.
The frilled lizard hisses angrily.
You feel your anger subside.
You are no longer berserk.
You are exhausted.
You feel yourself slow down.
* * * LOW HITPOINT WARNING * * *
You feel sick.
It was a potion of degeneration.
There was something very wrong with that liquid.
You feel weakened.
You feel dopey.
You feel clumsy.
Are you sure you want to abandon this character and quit the game? (Confirm with "yes".)

#....##...
#.##.###.. #.##.#
#. #.##.# .
##.##.. . ########
###<.###.
##.%..(.###...##
..
##...........###
#......@...###
#..........l....#
#...$......#####.?
#...W......#
#..........#
##...?....##
#..........#
#..........#
#..........#


You could see a phantom and a frilled lizard.

Vanquished Creatures
  A worker ant (D:4)
  An ooze (D:1)
  A ball python (D:4)
  A giant cockroach (D:2)
  A goblin (D:3)
  2 jackals (D:3)
  3 kobolds
  3 bats
  2 frilled lizards
  A rat (D:2)
16 creatures vanquished.

Vanquished Creatures (collateral kills)
  2 worms
  An orc (D:3)
  A bat (D:2)
  A hobgoblin (D:3)
  A kobold (D:2)
  A ball python (D:1)
7 creatures vanquished.

Grand Total: 23 creatures vanquished

Notes
Turn   | Place    | Note
-------+----------+-------------------------------------------
     0 | D:1      | tidbits the Felid Summoner began the quest for the Orb.
     0 | D:1      | Reached XP level 1. HP: 7/7 MP: 4/4
    69 | D:1      | Reached skill level 1 in Unarmed Combat
   222 | D:1      | Reached XP level 2. HP: 10/11 MP: 4/6
   253 | D:1      | Learned a level 2 spell: Call Imp
   333 | D:2      | Reached skill level 2 in Unarmed Combat
   509 | D:3      | Found an opulent altar of Gozag.
   509 | D:3      | Found a sparkling altar of Nemelex Xobeh.
   510 | D:3      | Found a radiant altar of Vehumet.
   517 | D:3      | Became a worshipper of Gozag Ym Sagoz the Greedy
   588 | D:2      | Found a bloodstained altar of Trog.
   677 | D:4      | Noticed an ogre
   690 | D:4      | Noticed a phantom
   726 | D:4      | Reached skill level 1 in Fighting
   726 | D:4      | Reached XP level 3. HP: 3/15 MP: 7/7
   727 | D:4      | Reached skill level 3 in Unarmed Combat
   727 | D:4      | HP: 2/22 [poisoned by a worker ant]
   733 | D:4      | Quit the game

Skill      XL: |  1  2  3 |
---------------+----------+-----
Unarmed Combat | 1 2 3 |  3.0
Fighting       | 1 |  1.1
Dodging        | |  2.6
Stealth        | |  2.6
Spellcasting   | |  2.0
Summonings     | |  4.0

Action                   || total
-------------------------++-------
Melee: Unarmed           ||    38
       Bite              ||     1
 Cast: Summon Small Mamm ||    20
       Call Imp          ||     5
Invok: Potion Petition   ||     1
  Use: Potion            ||     2
       Scroll            ||     1
 Stab: Sleeping          ||     2
  Eat: Chunk             ||     7
Armor: Skin              ||     3
Dodge: Dodged            ||    54

Table legend:
 A = Turns spent in this place as a percentage of turns spent in the entire game.
 B = Non-inter-level travel turns spent in this place as a percentage of non-inter-level travel turns spent in the entire game.
 C = Inter-level travel turns spent in this place as a percentage of turns spent in this place.
 D = Turns resting spent in this place as a percentage of non-inter-level travel turns spent in this place.
 E = Turns spent auto-exploring this place as a percentage of non-inter-level travel turns spent in this place.
 F = Non-inter-level travel turns spent in this place divided by the number of levels of this place that you've seen.
                   A       B       C       D       E      F
               +-------+-------+-------+-------+-------+----------------------
         Total | 100.0 | 100.0 |   0.0 |   0.0 |   0.0 | 173.5
       Dungeon | 100.0 | 100.0 |   0.0 |   0.0 |   0.0 | 173.5
               +-------+-------+-------+-------+-------+----------------------

Table legend:
 A = Kills in this place as a percentage of kills in entire the game.
 B = Kills by you in this place as a percentage of kills by you in the entire game.
 C = Kills by friends in this place as a percentage of kills by friends in the entire game.
 D = Other kills in this place as a percentage of other kills in the entire game.
 E = Experience gained in this place as a percentage of experience gained in the entire game.
 F = Experience gained in this place divided by the number of levels of this place that you have seen.
                   A       B       C       D       E      F
               +-------+-------+-------+-------+-------+----------------------
         Total | 100.0 | 100.0 | 100.0 |  -nan | 100.0 |  18.2
       Dungeon | 100.0 | 100.0 | 100.0 |  -nan | 100.0 |  18.2
               +-------+-------+-------+-------+-------+----------------------

Vault maps used:
D:1:      dpeg_arrival_arbitrary_b
D:2:      nicolae_overflow_hidden_temple, first_bread
D:3:      kennysheep_okawaru_gauntlet, gammafunk_temple_overflow_claw,
          chequers_ecumenical_altar_simple_redux, minmay_misc_feat_cross
